 Dungeon Crawl Stone Soup version 0.29-a0-214-g17f627cfee (webtiles) character file.

Game seed: 10666563730640887052

147 Hubjo the Sneak (level 5, -1/38 HPs)
             Began as a Vampire Enchanter on Feb 24, 2022.
             Slain by a gnoll shaman
             ... wielding a +0 whip
              (7 damage)
             ... on level 3 of the Dungeon.
             The game lasted 00:09:05 (2173 turns).

Hubjo the Sneak (Vampire Enchanter)                 Turns: 2173, Time: 00:09:06

Health: -1/38      AC:  5    Str:  7    XL:     5   Next: 8%
Magic:  0/8        EV: 13    Int: 17    God:
Gold:   52         SH:  0    Dex: 17    Spells: 2/8 levels left

rFire   . . .      SeeInvis +   a - +1 dagger
rCold   + . .      Faith    .   (no shield)
rNeg    + . .      Spirit   +   b - +0 robe
rPois   .          Reflect  .   (no helmet)
rElec   .          Harm     .   k - +2 cloak
rCorr   .          Rampage  .   (no gloves)
Will    .....                   (no boots)
Stlth   +.........              f - amulet of guardian spirit
HPRegen 0.32/turn               j - ring of positive energy
MPRegen 0.11/turn               (no ring)

@: lit by a corona, silenced, weak-willed, healing quickly, glowing
A: alive, fangs 3, see invisible, vampiric 2, cold resistance 1
a: Exsanguinate


You were on level 3 of the Dungeon.
You visited 1 branch of the dungeon, and saw 3 of its levels.

You collected 52 gold pieces.

Inventory:

Hand Weapons
 a - a +1 dagger (weapon)
Armour
 b - a +0 robe (worn)
 k - a +2 cloak (worn)
 o - a +0 leather armour
Jewellery
 f - an amulet of guardian spirit (around neck)
 j - a ring of positive energy (left hand)
Wands
 n - a wand of polymorph (8)
Scrolls
 i - a scroll of teleportation {unknown}
 p - 2 scrolls of magic mapping
Potions
 c - a potion of invisibility


   Skills:
 * Level 2.3 Fighting
 + Level 2.0 Short Blades
 + Level 2.9 Dodging
 * Level 6.0 Stealth
 - Level 2.0 Spellcasting
 + Level 5.2 Hexes


You had 2 spell levels left.
You knew the following spells:

 Your Spells              Type           Power      Damage    Failure   Level
a - Tukima's Dance        Hex            19%        N/A       7%          3
b - Dazzling Flash        Conj/Hex       20%        N/A       21%         3

Your spell library contained the following spells:

 Spells                   Type           Power      Damage    Failure   Level
 Ensorcelled Hibernation  Hex/Ice        20%        N/A       10%         2
 Confusing Touch          Hex            19%        N/A       7%          3


Dungeon Overview and Level Annotations

Branches:
Dungeon (3/15)

Altars:
Fedhas

Shops:
D:2 :


Innate Abilities, Weirdness & Mutations

Your natural rate of healing is accelerated.
You have razor-sharp teeth.
You have supernaturally acute eyesight. (SInv)
You are afflicted with vampirism and can become a bat while bloodless.
Your flesh is cold resistant. (rC+)


Message History

You hit the gnoll.
You kill the gnoll!
The gnoll shaman calls upon its god to speed up something.
Your Short Blades skill increases to level 2!
The gnoll shaman hits you with a +0 whip.
You see here a +0 spear.
Casting: Tukima's Dance (dangerous; 7% risk of failure)
Confirm with . or Enter, or press ? or * to list all spells.
Aiming: Tukima's Dance (dangerous; 7% risk of failure)
Press: ? - help, Shift-Dir - straight line, f - gnoll shaman
Aim: a gnoll shaman, wielding a +0 whip and wearing a +3 leather armour (chance to affect: 51%)
The gnoll shaman resists with significant effort.
The gnoll shaman misses you.
Casting: Tukima's Dance (dangerous; 7% risk of failure)
Confirm with . or Enter, or press ? or * to list all spells.
You don't have enough magic to cast this spell.
Casting: Tukima's Dance (dangerous; 7% risk of failure)
Confirm with . or Enter, or press ? or * to list all spells.
You don't have enough magic to cast this spell.
The gnoll closely misses you.
The gnoll shaman hits you with a +0 whip.
It was a potion of cancellation.
You feel magically purged. The gnoll completely misses you.
The gnoll hits you with a +0 whip. The gnoll shaman closely misses you.
It was a potion of mutation.
You feel extremely strange.
You feel resistant to cold. The gnoll hits you but does no damage.
The gnoll shaman hits you with a +0 whip!
* * * LOW HITPOINT WARNING * * *
As you read the scroll labelled NEECWI JIHUO, it crumbles to dust.
Magic quickly surges around you.
It was a scroll of vulnerability.
The gnoll hits you with a +0 whip. The gnoll barely misses you.
The gnoll shaman invokes the aid of its god against you.
You are outlined in light.
As you read the scroll labelled AMEGEFFIREFF, it crumbles to dust.
A profound silence engulfs you.
It was a scroll of silence.
The gnoll hits you with a +0 whip.
* * * LOW HITPOINT WARNING * * *
The gnoll shaman hits you with a +0 whip!
You die...

...PPP♣P#♣# #.#...+,,*,,*,,*,,##.
#PP#P♣PPP,**#.#...##,**,**,,,##(.
PP♣..#♣.#,#...##...#,,*,,*,,##.[.
♣P,PPP,♣*,######...##,**,,,##....
♣.,PP.,,,,*,,,###...#,,*,,##....g
*************,#.#...##,,,*#......
,,,**********,#.##...#,,##......#
**,**,,,,,,,,,#..#...####......##
**+**,,,,,,,,,##@##...##......#*#
,,,,,,,,,,,,,,#)gg#...#......##,,
,,,,,,,******,#)#.##......g.##,,,
,,,,,,,* *,###.†#.......##,,*,
,,,,,,,* *,#....##.....##,,,**
,,,,,,,* *,#$##.†#....##,,*,,*
,,,,,,,******,###...##..##,,,**,*
,,,,,,,,,,,,,,#...#..'.##,,*,,*,,
*******,******##########*******##


You could see a gnoll shaman (weak-willed) and a gnoll (fast, weak-willed).

Vanquished Creatures
  Ijyb (D:3)
  2 adders (D:2)
  4 gnolls (D:3)
  A worm (D:2)
  3 dart slugs
  An orc (D:3)
  5 bats
  6 endoplasms
  A giant cockroach (D:2)
  6 goblins
  2 hobgoblins
  3 jackals (D:2)
  3 quokkas
  8 ball pythons
  3 frilled lizards (D:2)
  4 kobolds
  5 rats
58 creatures vanquished.

Notes
Turn   | Place    | Note
-------+----------+-------------------------------------------
     0 | D:1      | Hubjo the Vampire Enchanter began the quest for the Orb.
     0 | D:1      | Reached XP level 1. HP: 13/13 MP: 3/3
   284 | D:1      | Reached XP level 2. HP: 20/20 MP: 5/5
   300 | D:1      | Reached skill level 1 in Fighting
   574 | D:1      | Reached skill level 5 in Stealth
   903 | D:2      | Gained mutation: You are afflicted with vampirism and can
                  | become a bat while bloodless. [Vampire growth]
   903 | D:2      | Reached XP level 3. HP: 22/26 MP: 6/6
   905 | D:2      | Found Xaseim's Book Shoppe.
  1348 | D:2      | Reached XP level 4. HP: 18/33 MP: 7/7
  1492 | D:2      | Learned a level 3 spell: Tukima's Dance
  1496 | D:2      | Learned a level 3 spell: Dazzling Flash
  1633 | D:3      | Noticed Ijyb
  1643 | D:3      | Reached skill level 5 in Hexes
  1705 | D:3      | Killed Ijyb
  1906 | D:3      | Found a blossoming altar of Fedhas.
  2113 | D:3      | Reached skill level 6 in Stealth
  2113 | D:3      | Reached XP level 5. HP: 19/38 MP: 5/8
  2171 | D:3      | Gained mutation: Your flesh is cold resistant. (rC+)
                  | [potion of mutation]
  2173 | D:3      | Slain by a gnoll shaman

Illustrated notes

Levels and vault maps discovered:
D:1:      dpeg_chamrin_arrival_tetris, layout_basic
D:2:      layout_rooms, serial_shops, nicolae_shop_statue_plus
D:3:      minmay_razor_zed, layout_basic, nicolae_qazlal_general_emergency,
          tgw_fedhas, trog_wizard, uniq_ijyb

Skill      XL: |  1  2  3  4  5 |
---------------+----------------+-----
Fighting       | 1 2 |  2.3
Stealth        | 5 6 |  6.0
Hexes          | 5 |  5.2
Short Blades   | 2 |  2.0
Dodging        | |  2.9
Spellcasting   | |  2.0

Action                   |  1- 3 |  4- 6 || total
-------------------------+-------+-------++-------
Melee: Dagger            |   170 |    70 ||   240
       Bite              |    17 |    11 ||    28
       Unarmed           |       |    23 ||    23
       Punch             |       |     1 ||     1
 Cast: Tukima's Dance    |       |     4 ||     4
  Use: Potion            |     3 |     3 ||     6
       Scroll            |       |     5 ||     5
 Stab: Sleeping          |     6 |     3 ||     9
Armor: Robe              |    40 |    17 ||    57
       Skin              |       |     5 ||     5
Dodge: Dodged            |   135 |    80 ||   215

Table legend: (Time is in decaauts)
 A = Elapsed time spent in this place.
 B = Non-inter-level travel time spent in this place.
 C = Inter-level travel time spent in this place.
 D = Time resting spent in this place.
 E = Time spent auto-exploring this place.
 F = Levels seen in this place.
 G = Mean time per level.
                   A        B        C        D        E       F      G
               +--------+--------+--------+--------+--------+-----+--------+
         Total |   2165 |   2004 |    161 |     70 |   1155 |   3 |  721.7 |
       Dungeon |   2165 |   2004 |    161 |     70 |   1155 |   3 |  721.7 |
               +--------+--------+--------+--------+--------+-----+--------+

Top non-repeatable levels by time:
     D:2: 781 daAuts
     D:1: 715 daAuts
     D:3: 667 daAuts
